 Dungeon Crawl Stone Soup version 0.31.0-32-g396128a36d (webtiles) character file.

Game seed: 18029614441149609442

15966 Logoto the Basher (level 12, -5/110 HPs)
             Began as a Hill Orc Fighter on Mar 9, 2024.
             Was the Champion of Okawaru.
             Killed by psychic fangs
             ... invoked by a neqoxec
             ... summoned by an orc sorcerer
              (6 damage)
             ... on level 2 of the Orcish Mines.
             The game lasted 01:16:18 (10505 turns).

Logoto the Basher (Hill Orc Fighter)               Turns: 10505, Time: 01:16:20

Health: -5/110     AC: 23    Str: 19    XL:     12   Next: 32%
Magic:  4/4        EV:  7    Int: 11    God:    Okawaru [******]
Gold:   558        SH:  5    Dex: 10    Spells: 11/11 levels left

rFire   . . .        v - +8 war axe of Vodka {antimagic, Fly Str-5 Int+3 SInv}
rCold   . . .        c - +0 buckler
rNeg    + . .        p - +0 plate armour
rPois   .            J - +1 helmet
rElec   .            l - +0 cloak
rCorr   .            e - +2 pair of gloves
SInv    +            A - +0 pair of boots
Will    .....        d - amulet of regeneration Stlth
                     b - ring of positive energy
HPRegen 1.18/turn    q - ring of wizardry
MPRegen 0.09/turn

%: wizardry (x1)
@: about to teleport, flying, hasted, very quick
A: no striking features
a: Renounce Religion, Convert to Beogh, Heroism, Finesse, Duel, Receive Weapon,
Receive Armour


You were on level 2 of the Orcish Mines.
You worshipped Okawaru.
Okawaru was exalted by your worship.
You visited 2 branches of the dungeon, and saw 13 of its levels.

You collected 1180 gold pieces.
You spent 622 gold pieces at shops.

Inventory:

Hand Weapons
 f - a +2 flail of draining
 v - the +8 war axe of Vodka (weapon) {antimagic, Fly Str-5 Int+3 SInv}
   (You bought it in a shop on level 10 of the Dungeon)

   Str-5:     It affects your strength (-5).
   Int+3:     It affects your intelligence (+3).
   SInv:      It lets you see invisible.
   Fly:       It grants you flight.
 O - a +5 dire flail
Missiles
 h - 47 poisoned darts (quivered)
 m - a curare-tipped dart
 r - 8 boomerangs
 y - 121 stones
 S - an atropa-tipped dart
 T - a throwing net
 U - a datura-tipped dart
 Y - 2 silver javelins
Armour
 c - a +0 buckler (worn)
 e - a +2 pair of gloves (worn)
 g - +0 acid dragon scales
 l - a +0 cloak (worn)
 p - a +0 plate armour (worn)
 s - a +0 chain mail
 A - a +0 pair of boots (worn)
 J - a +1 helmet (worn)
 X - a +1 robe of cold resistance
Jewellery
 a - a ring of ice
 b - a ring of positive energy (left hand)
 d - an amulet of regeneration (around neck)
 n - an amulet of the acrobat
 q - a ring of wizardry (right hand)
Wands
 B - a wand of mindburst (29)
 D - a wand of flame (28)
 H - a wand of paralysis (5)
 M - a wand of digging (8)
 R - a wand of iceblast (5)
Scrolls
 i - a scroll of amnesia {unknown}
 j - a scroll of enchant armour {unknown}
 k - 4 scrolls of revelation
 o - a scroll of fear {unknown}
 z - 2 scrolls of immolation
 C - 2 scrolls of poison {unknown}
 E - 2 scrolls of fog {unknown}
 F - a scroll of teleportation
 K - a scroll of silence {unknown}
 L - 2 scrolls of noise {unknown}
 Q - a scroll of enchant weapon {unknown}
Potions
 t - a potion of ambrosia
 u - 4 potions of mutation
 x - 3 potions of enlightenment
 G - 2 potions of magic
 N - a potion of brilliance
 P - 2 potions of attraction
 V - a potion of curing


   Skills:
 + Level 11.4 Fighting
 + Level 11.2(14.0) Axes
 + Level 11.6(13.0) Maces & Flails
 + Level 2.8 Throwing
 + Level 10.5 Armour
 + Level 3.3 Dodging
 + Level 1.0 Stealth
 + Level 5.3 Shields
 + Level 0.8 Evocations


You had 11 spell levels left.
You didn't know any spells.
Your spell library contained the following spells:

 Spells                   Type           Power      Damage    Failure   Level
 Magic Dart               Conj           0%         1d3       95%         1
 Ensorcelled Hibernation  Hex/Ice        0%         N/A       99%         2
 Scorch                   Fire           0%         2d5       99%         2
 Searing Ray              Conj           0%         2d4       99%         2
 Sublimation of Blood     Necr           0%         N/A       99%         2
 Passwall                 Erth           0%         N/A       100%        3
 Swiftness                Air            0%         N/A       100%        3
 Flame Wave               Conj/Fire      0%         2d4       100%        4
 Fulminant Prism          Conj/Alch      0%         3d5       100%        4
 Passage of Golubria      Tloc           0%         N/A       100%        4
 Petrify                  Alch/Erth      0%         N/A       100%        4
 Irradiate                Conj/Alch      0%         3d11      100%        5
 Yara's Violent Unravell  Hex/Alch       0%         3d3       100%        5
 Tukima's Dance           Hex            Unusable   N/A       N/A         3
 Summon Cactus Giant      Summ           Unusable   N/A       N/A         6

Dungeon Overview and Level Annotations

Branches:
Dungeon (11/15)            Temple (0/1) D:7            Lair (0/5) D:10
    Orc (2/2) D:9             Elf (0/3) Orc:2

Altars:
Ashenzari
Cheibriados
Dithmenos
Elyvilon
Fedhas
Gozag
Makhleb
Nemelex Xobeh
Okawaru
Ru
Sif Muna
Trog
Uskayaw
Xom
Zin
The Shining One

Shops:
D:6 [   D:10 (   Orc:2 ==

Portals:
Abyss: D:10

Annotations:
D:6 2 transporters, Justthedoctor22's ghost, amateur MfSh
D:9 1 runed translucent door, jimmypageman's ghost, novice MiFi
D:10 2 transporters, jimmypageman's ghost, journeyman MiFi


Message History

The orc warlord hits you but does no damage.
The kobold blastminer blasts its cannon at you.
The iron shot hits you but does no damage.
Your surroundings suddenly seem different. 16 orcs and a kobold blastminer come into view.
An orc warrior is wielding a +1 vampiric war axe.
Found Surghuok's Jewellery Shoppe and Pumoa's Jewellery Shop.
The orc priest shouts!
The orc wizard shouts!
The orc high priest shouts!
The orc knight shouts! x2; The orc sorcerer shouts!
The orc wizard shouts! x2
The orc priest shouts!
The kobold blastminer shouts!
The orc shouts!
The orc priest shouts!
The orc shouts!
The orc priest shouts, "Beogh is our master!
Accept the truth or die!"
The orc priest calls down the wrath of Beogh upon you.
Beogh smites you!
* * * LOW HITPOINT WARNING * * *
The orc hits you but does no damage.
The orc sorcerer mumbles some strange words.
The orc priest casts a cantrip, but nothing happens.
An orc knight comes into view. It is wielding a +0 great mace.
An orc sorcerer comes into view. It is wielding a +0 dagger.
The orc knight roars a battlecry!
The orcs go into a battle-frenzy!
The orc priest begins to cast a cantrip, but forgets the words!
You block the orc knight's attack.
As you read the scroll of teleportation, it crumbles to dust.
You feel strangely unstable.
The orc sorcerer shouts!
The orc wizard hits you but does no damage.
The orc attacks as it pursues you! The orc hits you but does no damage.
The orc priest calls down the wrath of Beogh upon you.
Beogh smites you!
* * * LOW HITPOINT WARNING * * *
The orc high priest mumbles some strange prayers to Beogh against you.
Beogh smites you!
* * * LOW HITPOINT WARNING * * *
The orc wizard gestures wildly while chanting.
The orc wizard flickers and vanishes for a moment.
The neqoxec gestures at you. Something gnaws on your mind!
You die...

........##############
##....... .....#..#
#...#†.. ...##...# ###
#...#... ...###.## ##
..## #...##.. #...#### .
##. ... # #..####. .#.##
##. #.. #o# ∩# #### ##
#..## #..##..##..#..#
....#### #.##...#.o.o#
#....#.###.##...@oo..#..#
##......##o##...ooo...#
###.#..##.#####Kooo..# .
##....o...o..o.....o.# ..
##..##.#####oo....#.# ..
#####.# o3.....# # . #.#
..o....#.. #.#
.o#....#.∩# #.. #..##..#.
##


You could see 3 orc knights, an orc high priest (strong), a kobold blastminer, a
neqoxec (summoned), 2 orc sorcerers, an orc warrior, 5 orc priests, 4 orc
wizards and 2 orcs.

Vanquished Creatures
  Fannar (D:11)
  Erica (D:9)
  A centaur warrior (D:8)
  4 two-headed ogres
  2 orc high priests
  3 death yaks
  3 orc sorcerers
  4 kobold blastminers
  Joseph (D:7)
  A gargoyle (D:10)
  A kobold demonologist (D:9)
  A troll (D:11)
  2 wraiths
  Sigmund (D:7)
  A wyvern (D:8)
  4 yaks (D:8)
  2 wargs (D:9)
  A steam dragon (D:9)
  Edmund (D:7)
  An acid dragon (D:9)
  3 orc warriors
  2 water moccasins
  Pargi (D:3)
  2 sky beasts
  An ogre (Orc:2)
  2 centaurs
  5 kobold brigands
  A bullfrog (D:6)
  3 scorpions
  3 wights
  12 killer bees
  3 vampire bats (Orc:2)
  4 howler monkeys
  8 orc priests
  A gnoll bouda (D:8)
  5 hounds
  Crazy Yiuf (D:2)
  Jessica (D:3)
  An iguana (D:5)
  2 sleepcaps
  9 orc wizards
  11 adders
  3 gnolls (D:8)
  A river rat (D:10)
  2 shadow imps
  3 white imps
  2 ufetubi (D:5)
  4 dart slugs
  A ribbon worm (D:9)
  42 orcs
  11 ball pythons
  11 bats
  7 endoplasms
  A giant cockroach (D:1)
  5 goblins
  10 hobgoblins
  3 quokkas
  3 frilled lizards
  33 kobolds
  10 rats
269 creatures vanquished.

Vanquished Creatures (others)
  2 orc wizards (Orc:2)
2 creatures vanquished.

Grand Total: 271 creatures vanquished

Notes
Turn   | Place    | Note
-------+----------+-------------------------------------------
     0 | D:1      | Logoto the Hill Orc Fighter began the quest for the Orb.
     0 | D:1      | Reached XP level 1. HP: 19/19 MP: 1/1
    88 | D:1      | Reached XP level 2. HP: 27/27 MP: 2/2
   353 | D:1      | Reached XP level 3. HP: 24/33 MP: 3/3
   729 | D:2      | Found a runed translucent door.
   730 | D:2      | Noticed Crazy Yiuf
   738 | D:2      | Killed Crazy Yiuf
   739 | D:2      | Reached XP level 4. HP: 11/41 MP: 4/4
  1179 | D:2      | Found a faded altar of an unknown god.
  1263 | D:3      | Found an iron altar of Okawaru.
  1271 | D:3      | Became a worshipper of Warmaster Okawaru
  1305 | D:3      | Noticed Jessica
  1313 | D:3      | Killed Jessica
  1314 | D:3      | Reached XP level 5. HP: 42/47 MP: 5/5
  1492 | D:3      | Noticed Pargi
  1510 | D:3      | Killed Pargi
  1510 | D:3      | Reached * piety under Okawaru
  1511 | D:3      | Reached skill level 5 in Fighting
  1511 | D:3      | Reached skill level 5 in Axes
  1640 | D:3      | Reached XP level 6. HP: 54/56 MP: 6/6
  1767 | D:3      | Reached skill level 1 in Dodging
  2377 | D:4      | You fall into a shaft and drop 2 floors!
  2411 | D:6      | Reached XP level 7. HP: 61/61 MP: 7/7
  2503 | D:5      | Entered Level 5 of the Dungeon
  2537 | D:5      | Reached skill level 1 in Throwing
  2537 | D:5      | Reached skill level 5 in Armour
  2647 | D:4      | Reached ** piety under Okawaru
  2697 | D:4      | Found a broken altar of Ashenzari.
  3052 | D:5      | Found a hide-covered altar of Uskayaw.
  3271 | D:5      | Reached XP level 8. HP: 71/71 MP: 8/8
  3658 | D:6      | Found a transporter.
  3663 | D:6      | Noticed Justthedoctor22's ghost (amateur MfSh)
  3669 | D:6      | Found a transporter.
  3767 | D:6      | Found Kalledon's Antique Armour Shop.
  3788 | D:6      | Bought a glowing helmet for 172 gold pieces
  4141 | D:7      | Found an opulent altar of Gozag.
  4227 | D:7      | Reached *** piety under Okawaru
  4387 | D:7      | Noticed Sigmund
  4397 | D:7      | Killed Sigmund
  4398 | D:7      | Reached skill level 1 in Maces & Flails
  4634 | D:7      | Found a shimmering altar of Xom.
  4647 | D:8      | Reached XP level 9. HP: 78/79 MP: 9/9
  4722 | D:7      | Noticed Joseph
  4741 | D:7      | Killed Joseph
  4768 | D:7      | Found a staircase to the Ecumenical Temple.
  4984 | D:7      | Noticed Edmund
  4992 | D:7      | Killed Edmund
  5179 | D:8      | Noticed a centaur warrior
  5299 | D:8      | Reached **** piety under Okawaru
  5300 | D:8      | Reached skill level 5 in Maces & Flails
  5320 | D:8      | Killed a centaur warrior
  5320 | D:8      | Reached ***** piety under Okawaru
  5484 | D:8      | Noticed a two-headed ogre
  5504 | D:8      | Killed a two-headed ogre
  5505 | D:8      | Reached XP level 10. HP: 60/90 MP: 10/10
  6638 | D:9      | Found a sparkling altar of Nemelex Xobeh.
  6693 | D:9      | Found a staircase to the Orcish Mines.
  6699 | D:9      | Found a runed translucent door.
  6705 | D:9      | Noticed jimmypageman's ghost (novice MiFi)
  6708 | D:9      | Identified the +8 spear of Conscience {drain, Dex+8 Stlth+}
  6880 | D:9      | Noticed a kobold demonologist
  6890 | D:9      | Killed a kobold demonologist
  6890 | D:9      | Received a gift from Okawaru
  6909 | D:9      | Found a snail-covered altar of Cheibriados.
  6951 | D:9      | Found a shadowy altar of Dithmenos.
  7057 | D:9      | Found a blossoming altar of Fedhas.
  7057 | D:9      | Found a shimmering blue altar of Sif Muna.
  7175 | D:9      | Noticed a moth of wrath
  7178 | D:9      | Found a bloodstained altar of Trog.
  7321 | D:10     | Entered Level 10 of the Dungeon
  7321 | D:10     | Noticed Erica
  7321 | D:10     | Noticed a two-headed ogre
  7330 | D:9      | Killed Erica
  7344 | D:10     | Killed a two-headed ogre
  7345 | D:10     | Reached skill level 10 in Maces & Flails
  7345 | D:10     | Reached XP level 11. HP: 92/99 MP: 11/11
  7359 | D:10     | Noticed a death yak
  7377 | D:10     | Noticed a death yak
  7377 | D:10     | Noticed a death yak
  7409 | D:9      | Killed a death yak
  7410 | D:9      | Reached skill level 10 in Fighting
  7574 | D:10     | Found a transporter.
  7579 | D:10     | Found a one-way gate to the infinite horrors of the Abyss.
  7579 | D:10     | Noticed jimmypageman's ghost (journeyman MiFi)
  7594 | D:10     | Found a transporter.
  7613 | D:10     | Found a white marble altar of Elyvilon.
  7613 | D:10     | Found a glowing silver altar of Zin.
  7614 | D:10     | Found a glowing golden altar of the Shining One.
  7631 | D:10     | Noticed a two-headed ogre
  7655 | D:10     | Killed a two-headed ogre
  7655 | D:10     | Received a gift from Okawaru
  7718 | D:10     | Found a staircase to the Lair.
  7780 | D:10     | Killed a death yak
  7793 | D:10     | Killed a death yak
  7946 | D:10     | Found a sacrificial altar of Ru.
  8232 | D:10     | Noticed a large abomination
  8283 | D:10     | Found Xacas's Antique Weapon Shoppe.
  8287 | D:10     | Bought a shimmering war axe for 255 gold pieces
  8287 | D:10     | Identified the +8 war axe of Vodka {antimagic, Fly Str-5
                  | Int+3 SInv} (You bought it in a shop on level 10 of the
                  | Dungeon)
  8287 | D:10     | Bought a battleaxe for 195 gold pieces
  8707 | D:11     | Noticed a cyclops
  8772 | D:11     | Noticed Fannar
  8772 | D:11     | Noticed a two-headed ogre
  8792 | D:11     | Killed a two-headed ogre
  8792 | D:11     | Received a gift from Okawaru
  8793 | D:11     | Reached skill level 10 in Armour
  8793 | D:11     | Reached skill level 1 in Stealth
  8811 | D:11     | Killed Fannar
  9016 | Orc:1    | Entered Level 1 of the Orcish Mines
  9325 | Orc:2    | Entered Level 2 of the Orcish Mines
  9325 | Orc:2    | Found a staircase to the Elven Halls.
  9443 | Orc:2    | Noticed an orc sorcerer
  9497 | Orc:2    | Reached skill level 5 in Shields
  9519 | Orc:2    | Found a burning altar of Makhleb.
  9658 | Orc:2    | Killed an orc sorcerer
  9659 | Orc:2    | Reached XP level 12. HP: 94/110 MP: 4/12
  9824 | Orc:1    | Reached skill level 10 in Axes
 10109 | Orc:2    | Noticed an orc high priest
 10111 | Orc:2    | Noticed an orc high priest
 10119 | Orc:2    | Noticed a sun demon
 10163 | Orc:2    | Killed an orc high priest
 10167 | Orc:1    | Killed an orc high priest
 10317 | Orc:2    | Reached ****** piety under Okawaru
 10413 | Orc:1    | Noticed an orc warlord
 10419 | Orc:1    | Noticed a soul eater
 10503 | Orc:2    | Found Surghuok's Jewellery Shoppe.
 10503 | Orc:2    | Found Pumoa's Jewellery Shop.
 10503 | Orc:2    | Noticed an orc high priest
 10505 | Orc:2    | HP: 1/110 [orc high priest/divine providence (8)]
 10505 | Orc:2    | Killed from afar by a neqoxec

Illustrated notes

Levels and vault maps discovered:
D:1:      enne_arrival_octagon_isle, layout_rooms
D:2:      layout_rooms, dreamdust_ecumenical_altar_hidden_monk_grotto,
          minmay_cut_off, uniq_crazy_yiuf_cottage
D:3:      layout_basic, kennysheep_okawaru_gauntlet, dk_vineyard_1,
          minmay_snake_closets, uniq_pargi, uniq_jessica
D:4:      layout_rooms, mainiacjoe_overflow_alcove_2, minmay_curled_crystal,
          hangedman_decor_growths
D:5:      layout_basic, mainiacjoe_overflow_paths
D:6:      layout_basic, gammafunk_ghost_smash, serial_shops, shop_coins,
          minmay_liquid_box
D:7:      layout_cave_pools, lemuel_round_altar, grunt_gozag_breadcrumbs,
          minmay_temple_entry_overgrown, sigmund_edmund_badplayer, uniq_joseph
D:8:      layout_cave_pools, roderic_serpentine_path, wad_mini_maze
D:9:      layout_cave_pools, mainiacjoe_overflow_tiny_flanked,
          gammafunk_temple_overflow_wave, mainiacjoe_overflow_six_doors_small,
          kennysheep_little_box, tgw_trog, orc_0_dummy,
          ebering_ghost_funeral_grove
D:10:     layout_roguey, good_gods_temple_1, hangedman_ru_absence,
          dpeg_lair_monsters, serial_shops, nicolae_shop_tiny_waterfront,
          gammafunk_ghost_abyssal_escape, uniq_erica
D:11:     layout_roguey, uniq_fannar
Orc:1:    layout_caves, basic_altar
Orc:2:    st_orc_elflike, layout_caves, basic_altar, roderic_batcave,
          bloody_makhleb

Skill      XL: |  1  2  3  4  5  6  7  8  9 10 11 12 |
---------------+-------------------------------------+-----
Fighting       | 4 5 6 7 8 9 11 | 11.4
Axes           | 3 4 5 7 8 9 11 | 11.2
Armour         | 4 5 6 7 9 10 | 10.5
Dodging        | 1 2 3 |  3.3
Shields        | 4 5 |  5.3
Throwing       | 1 2 |  2.8
Maces & Flails | 1 7 10 11 | 11.6
Stealth        | 1 |  1.0
Evocations     | |  0.8

Action                     |  1- 3 |  4- 6 |  7- 9 | 10-12 || total
---------------------------+-------+-------+-------+-------++-------
  Melee: War axe           |    57 |   189 |   110 |   159 ||   515
         Dire flail        |       |       |   138 |   288 ||   426
         Punch             |       |       |       |     1 ||     1
  Throw: Dart              |       |    10 |    11 |    35 ||    56
         Javelin           |       |       |       |     2 ||     2
 Invoke: Heroism           |       |     1 |       |     1 ||     2
  Evoke: Wand              |       |       |     3 |     3 ||     6
    Use: Potion            |     1 |       |     7 |     7 ||    15
         Scroll            |       |       |     9 |     8 ||    17
 Armour: Scale mail        |    33 |   114 |       |       ||   147
         Chain mail        |       |    55 |   248 |   356 ||   659
         Plate armour      |       |       |       |   150 ||   150
  Dodge: Dodged            |    27 |    98 |    93 |   232 ||   450
  Block: Buckler           |     9 |    56 |    35 |    39 ||   139
